 Dungeon Crawl Stone Soup version 0.30-a0-1093-gcfb1e0cf12 (webtiles) character file.

Game seed: 5207981214948750643

38 CryoSword the Vexing (level 3, -3/19 HPs)
             Began as a Vampire Enchanter on Apr 16, 2023.
             Killed from afar by Sigmund (10 damage)
             ... with a magic dart
             ... on level 2 of the Dungeon.
             The game lasted 00:03:17 (1495 turns).

CryoSword the Vexing (Vampire Enchanter)            Turns: 1495, Time: 00:03:17

Health: -3/19      AC:  6    Str:  7    XL:     3   Next: 25%
Magic:  5/6        EV: 12    Int: 17    God:
Gold:   70         SH:  0    Dex: 16    Spells: 4/6 levels left

rFire   . . .      SeeInvis +    m - +0 short sword
rCold   + + .      Faith    .    (no shield)
rNeg    + + +      Spirit   .    b - +0 robe
rPois   ∞          Reflect  .    o - +2 hat
rElec   .          Rampage  .    j - +1 cloak
rCorr   .                        (no gloves)
Will    .....                    (no boots)
Stlth   +++++                    (no amulet)
HPRegen 0.00/turn                (no ring)
MPRegen 0.10/turn                (no ring)

@: bloodless, inhibited regen, invisible
A: bloodless, fangs 3, see invisible, vampiric 2
a: Bat Form, Revivify


You were on level 2 of the Dungeon.
You visited 1 branch of the dungeon, and saw 2 of its levels.

You collected 70 gold pieces.

Inventory:

Hand Weapons
 a - a +1 dagger
 m - a +0 short sword (weapon)
   (You found it on level 1 of the Dungeon)
Armour
 b - a +0 robe (worn)
 j - a +1 cloak (worn)
   (You found it on level 1 of the Dungeon)
 o - a +2 hat (worn)
   (You found it on level 2 of the Dungeon)
Jewellery
 k - a ring of poison resistance
   (You found it on level 1 of the Dungeon)
Scrolls
 d - a scroll of identify {unknown}
 f - a scroll of teleportation {unknown}
 h - a scroll of blinking {unknown}
 i - a scroll of enchant weapon {unknown}
 q - a scroll of immolation {unknown}
Potions
 c - a potion of invisibility
 e - a potion of cancellation {unknown}
 g - a potion of might {unknown}
 l - a potion of heal wounds {unknown}
 n - a potion of brilliance {unknown}
 p - a potion of curing {unknown}


   Skills:
 + Level 0.0 Fighting
 * Level 3.5 Short Blades
 - Level 2.1 Dodging
 + Level 4.4 Stealth
 - Level 2.0 Spellcasting
 + Level 4.4 Hexes
 * Level 0.0 Ice Magic


You had 4 spell levels left.
You knew the following spells:

 Your Spells              Type           Power      Damage    Failure   Level
a - Ensorcelled Hibernat  Hex/Ice        18%        N/A       12%         2

Your spell library contained the following spells:

 Spells                   Type           Power      Damage    Failure   Level
 Confusing Touch          Hex            16%        N/A       10%         3
 Tukima's Dance           Hex            16%        N/A       10%         3
 Dazzling Flash           Conj/Hex       18%        N/A       24%         3


Dungeon Overview and Level Annotations

Branches:
Dungeon (2/15)

Altars:

Shops:
D:2 (:(

Annotations:
D:2 Sigmund


Innate Abilities, Weirdness & Mutations

You do not regenerate when monsters are visible.
You are frail without blood (-20% HP).
You can heal yourself when you bite living creatures.
You are immune to poison.
You have razor-sharp teeth.
You have supernaturally acute eyesight. (SInv)
You are afflicted with vampirism and can become a bat while bloodless.


Message History

You open the door.
Sigmund the Dreaded comes into view.
He is wielding a +0 scythe and carrying a wand of digging (7).
Sigmund zaps a wand.
Some rock shatters into small pieces.
You hear a zap.
You hear a grinding noise.
You hear a zap.
You hear a grinding noise.
There is a stone staircase leading up here.
You hear a zap.
You hear a grinding noise.
You climb upwards.
There is a stone staircase leading down here.
There is an open door here.
There is a stone staircase leading down here.
You climb downwards.
Level annotation: Sigmund
There is a stone staircase leading up here.
The quokka barely misses you.
You hit the quokka. The quokka completely misses you.
You barely miss the quokka. The quokka bites you.
You barely miss the quokka. The quokka bites you.
You hit the quokka.
You kill the quokka!
You hear a zap.
You hear a grinding noise.
You can't see any susceptible monsters within range! (Use Z to cast anyway.) Unknown command.
Okay, then.
Found 4 stones.
An endoplasm comes into view.
Found Yrchomipa's Book Shop.
The endoplasm quivers.
A bat comes into view.
You completely miss the endoplasm. You bite the endoplasm.
The endoplasm hits you but does no damage.
You hit the endoplasm but do no damage.
The endoplasm hits you but does no damage.
You hit the endoplasm. The endoplasm freezes you.
You are frozen.
You hit the endoplasm.
You kill the endoplasm!
A giant cockroach comes into view.
The helpless bat fails to defend itself.
You puncture the bat!
You kill the bat!
Found a fuming black potion.
No target in view!
No target in view!
No target in view!
A bat comes into view.
You see here a fuming black potion.
The bat misses you. The bat closely misses you.
You see here a fuming black potion.
n - a fuming black potion The bat closely misses you. x2
You barely miss the bat. The bat hits you but does no damage.
The bat barely misses you. The bat hits you but does no damage.
You hit the bat.
You kill the bat!
No target in view!
No target in view!
No target in view!
No target in view!
There is an entrance to Yrchomipa's Book Shop here.
Search for what [Enter for "blade", or ? for help]? hex A kobold comes into view.
It is wielding a +0 dagger.
An adder comes into view.
The adder hisses angrily.
Aim: an adder (chance to affect: 51%)
The adder resists with significant effort.
The adder bites you but does no damage.
You barely miss the adder. The adder closely misses you.
The kobold shouts!
The adder bites you.
Aim: an adder (chance to affect: 51%)
The adder looks drowsy...
The helpless adder fails to defend itself.
You puncture the adder!
You kill the adder!
The kobold throws a stone.
The stone closely misses you.
You have reached level 3!
Your experience leads to an increase in your attributes!
Increase (S)trength, (I)ntelligence, or (D)exterity?
You feel agile. x2
You can now turn into a vampire bat when bloodless.
The kobold hits you but does no damage.
You miss the kobold. The kobold barely misses you.
You barely miss the kobold. You bite the kobold, but do no damage.
You hit the kobold.
You kill the kobold!
Things that are here:
a +0 dagger; 4 stones
Things that are here:
a +0 dagger; 4 stones You start resting.
You begin bloodletting.
You continue bloodletting. x5
You become bloodless.
Found Woicrokk's Antique Weapon Shoppe.
There is an empty arch of ancient stone here.
There is an entrance to Woicrokk's Antique Weapon Shoppe here.
There is an empty arch of ancient stone here.
You now have 70 gold pieces (gained 14).
Could not explore, unopened door.
Could not explore, unopened door.
Could not explore, unopened door.
As you open the door, it creaks loudly!
There is an open door here.
Found a runed hat.
o - a +2 hat You start putting on your armour.
You continue putting on your +2 hat. x4
You finish putting on your +2 hat.
k - a ring of poison resistance (left hand)
Okay, then.
You remove your ring of poison resistance.
A rat comes into view.
A rat is nearby!
A rat is nearby!
A rat is nearby!
The helpless rat fails to defend itself.
You bite the rat, and draw its blood! You puncture the rat!
You kill the rat!
No target in view!
Found a stone staircase leading up.
p - a coppery potion
q - a scroll labelled YNKAWN QYOCLO Sigmund is nearby!
Sigmund is nearby!
Sigmund is nearby!
Annotate which branch? (. - D:2, ? - help, ! - show branch list)
Okay, then.
Aim: Sigmund, wielding a +0 scythe, wearing a +0 robe and carrying a wand of digging (2) (wandering, hasn't noticed you, chance to affect: 51%) Sigmund shouts!
Sigmund looks drowsy...
The helpless Sigmund fails to defend himself.
You bite Sigmund, and draw his blood! You puncture Sigmund!
Sigmund closely misses you.
You barely miss Sigmund. You bite Sigmund, but do no damage.
You barely miss Sigmund. You bite Sigmund, but do no damage.
Sigmund misses you.
You closely miss Sigmund. You punch Sigmund, but do no damage.
You closely miss Sigmund. Sigmund hits you with a +0 scythe!
You completely miss Sigmund. You hit Sigmund.
Sigmund hits you with a +0 scythe.
* * * LOW HITPOINT WARNING * * *
You hit Sigmund but do no damage. Sigmund hits you but does no damage.
Sigmund zaps a wand.
Some rock shatters into small pieces.
You fade into invisibility!
Sigmund gestures at something while chanting.
The magic dart hits you!
Ouch! That really hurt!
You die...

... ###+# .... #..†###
..... #...'.. ...
###...### ++.. +........
##.## ##.##.'## .....#
...#####...### #.#.#.##
.....#.
#....@..#...#####..##.##
.......
...####.@..#.............
.......
##..##.............
....#.#
##.###.##.#####.##
....... #..#..#.### #.#
....# #.#.#.....# #.#
....# ##.##......####)##
.#.....
#####...##...<.'......
.#..###
.......#..##....#.##.##
.#...
.#####...###....#[##.#


You could see Sigmund (unable to see you).

Vanquished Creatures
  An adder (D:2)
  5 bats
  3 endoplasms
  A giant cockroach (D:1)
  3 goblins (D:1)
  2 hobgoblins (D:1)
  3 jackals (D:1)
  2 quokkas
  A ball python (D:1)
  A frilled lizard (D:1)
  A kobold (D:2)
  4 rats
27 creatures vanquished.

Notes
Turn   | Place    | Note
-------+----------+-------------------------------------------
     0 | D:1      | CryoSword the Vampire Enchanter began the quest for the
                  | Orb.
     0 | D:1      | Reached XP level 1. HP: 13/13 MP: 3/3
   361 | D:1      | Reached XP level 2. HP: 19/19 MP: 5/5
   457 | D:1      | Learned a level 2 spell: Ensorcelled Hibernation
  1155 | D:2      | Found Ceq Meda's Antique Weapon Shop.
  1170 | D:2      | Noticed Sigmund
  1257 | D:2      | Found Yrchomipa's Book Shop.
  1327 | D:2      | Gained mutation: You are afflicted with vampirism and can
                  | become a bat while bloodless. [Vampire growth]
  1327 | D:2      | Reached XP level 3. HP: 24/24 MP: 1/6
  1379 | D:2      | Found Woicrokk's Antique Weapon Shoppe.
  1495 | D:2      | Killed from afar by Sigmund

Illustrated notes

Levels and vault maps discovered:
D:1:      pf_arrival_petrified_forest, layout_basic, grunt_decor_junction
D:2:      layout_basic, serial_shops, nicolae_shop_bloodbath_and_beyond,
          nicolae_shop_advertising_works [nicolae_subvault_shop_adworks],
          nicolae_shop_hallway_stairs, nicolae_shop_dealshenge, shop,
          chequers_serial_rivers_room_b, minmay_misc_feat_tower, uniq_sigmund

Skill      XL: |  1  2 |
---------------+-------+-----
Short Blades   | 2 3 |  3.5
Dodging        | |  2.1
Stealth        | |  4.4
Spellcasting   | |  2.0
Hexes          | |  4.4

Action                     || total
---------------------------++-------
  Melee: Dagger            ||    88
         Bite              ||    10
         Short sword       ||    26
         Punch             ||     1
   Cast: Ensorcelled Hiber ||     8
Ability: Exsanguinate      ||     1
    Use: Potion            ||     1
   Stab: Sleeping          ||    12
 Armour: Robe              ||    29
  Dodge: Dodged            ||    79

Table legend: (Time is in decaauts)
 A = Elapsed time spent in this place.
 B = Non-inter-level travel time spent in this place.
 C = Inter-level travel time spent in this place.
 D = Time resting spent in this place.
 E = Time spent auto-exploring this place.
 F = Levels seen in this place.
 G = Mean time per level.
                   A        B        C        D        E       F      G
               +--------+--------+--------+--------+--------+-----+--------+
         Total |   1479 |   1364 |    115 |     33 |    928 |   2 |  739.5 |
       Dungeon |   1479 |   1364 |    115 |     33 |    928 |   2 |  739.5 |
               +--------+--------+--------+--------+--------+-----+--------+

Top non-repeatable levels by time:
     D:1: 1142 daAuts
     D:2: 336 daAuts
